 Dungeon Crawl Stone Soup version 0.17.0-28-g6e173f8 (webtiles) character file.

64 Khael the Grasshopper (level 3, -1/18 HPs)
             Began as a Spriggan Warper on Nov 30, 2015.
             Slain by a worm (8 damage)
             ... on level 2 of the Dungeon.
             The game lasted 00:12:11 (2220 turns).

Khael the Grasshopper (Spriggan Warper)             Turns: 2220, Time: 00:12:12

Health: -1/18      AC:  3    Str:  7    XL:     3   Next: 91%
Magic:  8/8        EV: 19    Int: 14    God:
Gold:   22         SH:  0    Dex: 16    Spells: 3 memorised, 2 levels left

rFire  . . .     SeeInvis +     a - +0 short sword
rCold  . . .     Clarity  .     b - +1 robe
rNeg   . . .     SustAt   .     (shield restricted)
rPois  .         Gourm    +     (helmet restricted)
rElec  .         Spirit   .     (no cloak)
rCorr  .         Warding  .     (gloves unavailable)
rMut   .         Stasis   .     (boots unavailable)
MR     .....                    i - amulet of the gourmand
Stlth  +.........               (no ring)
                                (no ring)

@: very quick, not resistant to hostile enchantments, very unstealthy
A: unfitting armour, see invisible, herbivore 3, speed 3, slow metabolism 2
a: no special abilities


You were on level 2 of the Dungeon.
You were not hungry.

You visited 1 branch of the dungeon, and saw 2 of its levels.

You collected 22 gold pieces.

Inventory:

Hand Weapons
 a - a +0 short sword (weapon)
 h - a +0 dagger
Missiles
 e - 2 tomahawks of dispersal (quivered)
Armour
 b - a +1 robe (worn)
Jewellery
 i - an amulet of the gourmand (around neck)
Scrolls
 d - a scroll of blinking
 g - a scroll of identify
Potions
 l - a potion of resistance
Books
 c - a book of Spatial Translocations

   Spells                             Type                      Level
   a - Apportation                    Translocation                1
   b - Blink                          Translocation                2
   c - Shroud of Golubria             Charms/Translocation         2
   d - Portal Projectile              Translocation                3
   e - Teleport Other                 Translocation                3
   f - Passage of Golubria            Translocation                4
Comestibles
 f - 2 bread rations


   Skills:
 + Level 1.9 Fighting
 + Level 2.9 Short Blades
 + Level 1.1 Throwing
 + Level 4.4 Dodging
 + Level 2.9 Spellcasting
 + Level 5.3 Translocations


You had 2 spell levels left.
You knew the following spells:

 Your Spells              Type           Power        Failure   Level  Hunger
a - Apportation           Tloc           ###.......   2%          1    #......
b - Shroud of Golubria    Chrm/Tloc      #.........   14%         2    ##.....
c - Blink                 Tloc           N/A          3%          2    ##.....


Dungeon Overview and Level Annotations

Branches:
Dungeon (2/15)

Altars:


Innate Abilities, Weirdness & Mutations

You are tiny and cannot use many weapons and most armour.
You have supernaturally acute eyesight.
You are a herbivore.
You cover ground extremely quickly.
You need consume almost no food.


Message History

You are alive.
Your movement speed is very quick.
Your attack speed is average.
You are not resistant to hostile enchantments.
You are very unstealthy.
The worm is too close now for your liking.
You hit the worm but do no damage. You hit the worm but do no damage.
The worm barely misses you.
You hit the worm.
The worm is lightly wounded.
You hit the worm.
The worm is moderately wounded.
The worm bites you!
You hit the worm but do no damage.
The worm is moderately wounded.
The worm bites you.
You barely miss the worm.
The worm is lightly wounded.
You hit the worm.
The worm is moderately wounded.
The worm bites you!
You die...

#.#
#.#
#.#
#.#
#.#
#.#
#.#
#.#
#.#
#.#
#.#
#.#
#.#
#w#
#.#
#@#
#.#
#.#
#.#
#.#
#%#
#.#
#.#
#.#
#.#
#.#
#.#
#.#
#.#
#.#
#.#
#.#
#.#


You could see a worm.

Vanquished Creatures
  Jessica (D:2)
  2 worms (D:2)
  3 giant geckos (D:1)
  A bat (D:1)
  A goblin (D:1)
  5 hobgoblins (D:1)
  4 jackals (D:1)
  3 kobolds (D:1)
  3 giant cockroaches (D:1)
  2 giant newts
  5 rats (D:1)
30 creatures vanquished.

Notes
Turn   | Place    | Note
--------------------------------------------------------------
     0 | D:1      | Khael the Spriggan Warper began the quest for the Orb.
     0 | D:1      | Reached XP level 1. HP: 10/10 MP: 5/5
   781 | D:1      | Reached XP level 2. HP: 12/14 MP: 6/6
   785 | D:1      | Learned a level 2 spell: Shroud of Golubria
   788 | D:1      | Learned a level 2 spell: Blink
   985 | D:1      | Reached skill level 5 in Translocations
  1303 | D:1      | Reached XP level 3. HP: 12/18 MP: 8/8
  1590 | D:2      | Noticed Jessica
  1595 | D:2      | Killed Jessica
  2220 | D:2      | Slain by a worm

Action                   || total
-------------------------++-------
Melee: Short sword       ||   152
Throw: Tomahawk          ||     3
 Cast: Shroud of Golubri ||     4
  Use: Scroll            ||     4
       Potion            ||     1
 Stab: Sleeping          ||     1
